WCHLSIM.com - West Coast Hockey League
html PUBLIC "-//W3C//DTD XHTML 1.0 Transitional//EN" "http://www.w3.org/TR/xhtml1/DTD/xhtml1-transitional.dtd"> WCHL - Game 863 - SALEM BLACK JAYS vs BANFF WOLVES

SALEM BLACK JAYS vs BANFF WOLVES

Created - 27 mars 2021 at 06:27

Goals
1 2 3 OT1 T
SALEM BLACK JAYS 1 0 1 1 3
BANFF WOLVES 1 0 1 0 2
Shots
1 2 3 OT1 T
SALEM BLACK JAYS 9 12 6 2 29
BANFF WOLVES 8 11 8 2 29

1st period

1. SALEM BLACK JAYS , Mikko Rantanen 41 (Dylan Larkin 43, Brandon Saad 22) at 5:38
2. BANFF WOLVES , Jason Zucker 19 (James van Riemsdyk 22, Miro Heiskanen 19) at 15:54

Penalties :
No Penalty

2nd period

No Goal

Penalties :
Brady Tkachuk (BAN) for Hooking (Minor) at 5:10, Erik Karlsson (SAL) for High sticking (Minor) at 5:10, Mike Ferland (BAN) for High sticking (Minor) at 9:10, Erik Karlsson (SAL) for Tripping (Minor) at 9:10

3rd period

3. BANFF WOLVES , Kevin Labanc 19 (Jack Eichel 35) at 6:59
4. SALEM BLACK JAYS , Mitchell Marner 32 (Matthew Calvert 14, Mathew Barzal 42) at 13:08

Penalties :
Johnny Boychuk (BAN) for Goalie Interference (Minor) at 8:57, Mathew Barzal (SAL) for Tripping (Minor) at 8:57

Overtime #1

5. SALEM BLACK JAYS , Dylan Larkin 30 (Mathew Barzal 43, Erik Karlsson 30) at 2:07

Penalties :
No Penalty

Goalie Stats

Elvis Merzlikins (SAL), 27 saves from 29 shots - (0,931), W, 26-7-2, 62:08 minutes
Ilya Samsonov (BAN), 26 saves from 29 shots - (0,897), OTL, 14-7-5, 62:08 minutes

Players Stats for SALEM BLACK JAYS

Player Name              G  A  P  +/- PIM S  H  SB GA TA FO     MP     PP MP  PK MP  
------------------------------------------------------------------------------------
Andreas Athanasiou       0  0  0   0  0   0  0  0  0  0  0/0     6:55   0:00   0:00 
Andy Greene              0  0  0  -1  0   3  1  2  0  0  0/0    21:45   0:00   0:00 
Brandon Saad             0  1  1   1  0   0  0  0  0  0  1/1    16:12   0:00   0:00 
Casey Cizikas            0  0  0   0  0   2  1  0  0  0  9/15   13:34   0:00   0:00 
Dylan Larkin             1  1  2   2  0   5  0  0  0  0  13/23  20:19   0:00   0:00 
Erik Karlsson            0  1  1   0  4   0  0  1  0  0  0/0    25:04   0:00   0:00 
Filip Chytil             0  0  0   0  0   2  0  0  0  0  2/6     7:33   0:00   0:00 
Jason Demers             0  0  0   1  0   0  0  2  0  0  0/0    19:09   0:00   0:00 
Josh Leivo               0  0  0   0  0   0  0  0  0  0  0/0    13:34   0:00   0:00 
Joshua Morrissey         0  0  0   1  0   0  1  0  0  0  0/0    23:00   0:00   0:00 
Martin Necas             0  0  0   0  0   0  0  0  0  0  2/4    14:12   0:00   0:00 
Mathew Barzal            0  2  2   0  2   4  0  0  0  0  14/30  21:29   0:00   0:00 
Matthew Calvert          0  1  1  -1  0   1  2  0  0  0  0/0    17:22   0:00   0:00 
Michal Kempny            0  0  0   0  0   1  0  2  0  0  0/0    17:13   0:00   0:00 
Mikko Rantanen           1  0  1   1  0   6  0  0  0  0  1/2    18:10   0:00   0:00 
Mitchell Marner          1  0  1  -1  0   5  1  1  0  0  2/3    22:03   0:00   0:00 
Scott Mayfield           0  0  0   0  0   0  2  0  0  0  0/0    15:55   0:00   0:00 
Troy Terry               0  0  0   0  0   0  1  0  0  0  0/0     6:55   0:00   0:00 

Players Stats for BANFF WOLVES

Player Name              G  A  P  +/- PIM S  H  SB GA TA FO     MP     PP MP  PK MP  
------------------------------------------------------------------------------------
Alex Tuch                0  0  0   0  0   1  2  0  0  0  0/4    11:06   0:00   0:00 
Brady Tkachuk            0  0  0   0  2   6  4  1  0  0  1/2    17:10   0:00   0:00 
Dominic Turgeon          0  0  0  -1  0   0  0  0  0  0  8/15   10:42   0:00   0:00 
Drew Doughty             0  0  0   0  0   1  4  2  0  0  0/0    24:04   0:00   0:00 
Jack Eichel              0  1  1   0  0   5  0  1  0  0  15/25  30:01   0:00   0:00 
James van Riemsdyk       0  1  1   0  0   2  0  0  0  0  1/4    18:17   0:00   0:00 
Jamie Oleksiak           0  0  0   0  0   0  4  0  0  0  0/0    18:46   0:00   0:00 
Jason Zucker             1  0  1   0  0   5  2  0  0  0  0/1    21:46   0:00   0:00 
Joel Kellman             0  0  0   0  0   0  0  0  0  0  4/11   11:06   0:00   0:00 
Johnny Boychuk           0  0  0   0  2   0  2  3  0  0  0/0    17:09   0:00   0:00 
Kevin Labanc             1  0  1   1  0   5  0  0  0  0  3/5    17:06   0:00   0:00 
Mathew Dumba             0  0  0  -1  0   0  3  2  0  0  0/0    22:12   0:00   0:00 
Mike Ferland             0  0  0  -1  2   0  3  0  0  0  0/0    11:24   0:00   0:00 
Miles Wood               0  0  0  -1  0   2  0  1  0  0  1/1    10:42   0:00   0:00 
Miro Heiskanen           0  1  1   0  0   1  0  1  0  0  0/0    22:46   0:00   0:00 
Riley Stillman           0  0  0   0  0   0  0  0  0  0  0/0     0:00   0:00   0:00 
Roope Hintz              0  0  0   0  0   1  1  0  0  0  7/16   18:57   0:00   0:00 
Trevor van Riemsdyk      0  0  0   0  0   0  1  3  0  0  0/0    17:10   0:00   0:00 

3 Stars

1 - Dylan Larkin (SAL)
2 - Mikko Rantanen (SAL)
3 - Kevin Labanc (BAN)

Power Play

SALEM BLACK JAYS - 0 on 0 Attempt(s) - 0,00%
BANFF WOLVES - 0 on 0 Attempt(s) - 0,00%

Penalty Kill

SALEM BLACK JAYS - 0 on 0 Attempt(s) - 0,00% - Score 0 goal in Penalty Kill
BANFF WOLVES - 0 on 0 Attempt(s) - 0,00% - Score 0 goal in Penalty Kill

Team Stat

SALEM BLACK JAYS - Hits : 9 - Faceoff Wins : 44 - Blocked Shots : 8 - Penalty Minutes : 6
BANFF WOLVES - Hits : 26 - Faceoff Wins : 40 - Blocked Shots : 14 - Penalty Minutes : 6

Official

Referees : Tim Peel and Jake Brenk
Linesman : James Tobias and Glen Cooke

Game Notes

No Game Note

Finance

Level 1 -- Attendance: 6462 (91,66%) -- Ticket Income 936 990 $
Level 2 -- Attendance: 3867 (64,93%) -- Ticket Income 425 370 $
Level 3 -- Attendance: 2340 (100,00%) -- Ticket Income 140 400 $
Level 4 -- Attendance: 3624 (72,48%) -- Ticket Income 213 816 $
Luxury Box -- Attendance: 986 (92,58%) -- Ticket Income 285 940 $
Game was played at the Rocky Mountains Sports Complex.
Total Attendance: 17279 (80,70%)
Total Ticket Income: 2 002 516 $
Other Expense: 20 025 $
Total Income: 1 982 491 $

SALEM BLACK JAYS

5 vs 5 Forward 
   Center                   Left Wing                Right Wing               Time % Phy DF OF 
 1 Mathew Barzal            Matthew Calvert          Mitchell Marner          36     0   1  4  
 2 Dylan Larkin             Brandon Saad             Mikko Rantanen           31     0   1  4  
 3 Casey Cizikas            Josh Leivo               Martin Necas             23     1   2  2  
 4 Filip Chytil             Andreas Athanasiou       Troy Terry               10     1   2  2  

5 vs 5 Defense 
   Defense                  Defense                                           Time % Phy DF OF 
 1 Erik Karlsson            Andy Greene                                       36     0   4  1  
 2 Joshua Morrissey         Jason Demers                                      31     0   4  1  
 3 Michal Kempny            Scott Mayfield                                    23     0   4  1  
 4 Erik Karlsson            Joshua Morrissey                                  10     0   3  2  

PowerPlay Forward 
   Center                   Left Wing                Right Wing               Time % Phy DF OF 
 1 Mathew Barzal            Brandon Saad             Mitchell Marner          55     0   1  4  
 2 Dylan Larkin             Matthew Calvert          Mikko Rantanen           45     0   1  4  

PowerPlay Defense
   Defense                  Defense                                           Time % Phy DF OF 
 1 Erik Karlsson            Joshua Morrissey                                  55     0   0  5  
 2 Michal Kempny            Jason Demers                                      45     0   0  5  

Penalty Kill 4 Players Forward 
   Center                   Wing                     Time % Phy DF OF 
 1 Casey Cizikas            Matthew Calvert          55     1   3  1  
 2 Troy Terry               Josh Leivo               45     1   3  1  

Penalty Kill 4 Players Defense
   Defense                  Defense                  Time % Phy DF OF 
 1 Scott Mayfield           Andy Greene              55     1   2  2  
 2 Joshua Morrissey         Erik Karlsson            45     1   2  2  

Penalty Kill - 3 Players Forward 
   Forward                                           Time % Phy DF OF 
 1 Casey Cizikas                                     55     1   3  1  
 2 Matthew Calvert                                   45     1   3  1  

Penalty Kill - 3 Players Defense
   Defense                  Defense                  Time % Phy DF OF 
 1 Scott Mayfield           Andy Greene              55     1   2  2  
 2 Joshua Morrissey         Erik Karlsson            45     1   2  2  

4 vs 4 Forward 
   Center                   Wing                     Time % Phy DF OF 
 1 Mathew Barzal            Mitchell Marner          55     1   2  2  
 2 Dylan Larkin             Mikko Rantanen           45     1   2  2  

4 vs 4 Defense
   Defense                  Defense                  Time % Phy DF OF 
 1 Erik Karlsson            Andy Greene              55     1   2  2  
 2 Jason Demers             Joshua Morrissey         45     1   2  2  

Last Minutes Offensive
   Center                   Left Wing                Right Wing               Defense                  Defense                  
   Mathew Barzal            Matthew Calvert          Mikko Rantanen           Erik Karlsson            Joshua Morrissey         

Last Minutes Defensive
   Center                   Left Wing                Right Wing               Defense                  Defense                  
   Mathew Barzal            Matthew Calvert          Mikko Rantanen           Erik Karlsson            Joshua Morrissey         

Goaltenders
Starting : Elvis Merzlikins         
Backup : Juuse Saros              

Extra Forwards
Normal : Dylan Larkin, Martin Necas, Filip Chytil - PP : Mathew Barzal, Filip Chytil - PK : Matthew Calvert
Extra Defensemen
Normal : Jason Demers, Michal Kempny, Andy Greene - PP : Andy Greene - PK : Michal Kempny, Andy Greene
Penalty Shots
Mikko Rantanen, Mathew Barzal, Dylan Larkin, Brandon Saad, Josh Leivo
Custom OT Lines Forwards
Mathew Barzal, Dylan Larkin, Mikko Rantanen, Mitchell Marner, Brandon Saad, Matthew Calvert, Martin Necas, Josh Leivo, Andreas Athanasiou, Filip Chytil
Custom OT Lines Defensemen
Erik Karlsson, Joshua Morrissey, Jason Demers, Michal Kempny, Scott Mayfield

Scratches
Cody Ceci (Healthy), Nick Jensen (Healthy), Travis Dermott (Healthy)

BANFF WOLVES

5 vs 5 Forward 
   Center                   Left Wing                Right Wing               Time % Phy DF OF 
 1 Jack Eichel              Brady Tkachuk            Kevin Labanc             34     0   1  4  
 2 Roope Hintz              James van Riemsdyk       Jason Zucker             34     0   2  3  
 3 Joel Kellman             Jack Eichel              Alex Tuch                27     1   3  1  
 4 Dominic Turgeon          Miles Wood               Mike Ferland             5      0   3  2  

5 vs 5 Defense 
   Defense                  Defense                                           Time % Phy DF OF 
 1 Drew Doughty             Mathew Dumba                                      36     0   2  3  
 2 Miro Heiskanen           Jamie Oleksiak                                    33     1   1  3  
 3 Johnny Boychuk           Trevor van Riemsdyk                               21     1   4  0  
 4 Drew Doughty             Miro Heiskanen                                    10     0   2  3  

PowerPlay Forward 
   Center                   Left Wing                Right Wing               Time % Phy DF OF 
 1 Jack Eichel              Miles Wood               Jason Zucker             55     0   0  5  
 2 James van Riemsdyk       Brady Tkachuk            Roope Hintz              45     0   0  5  

PowerPlay Defense
   Defense                  Defense                                           Time % Phy DF OF 
 1 Drew Doughty             Kevin Labanc                                      55     0   2  3  
 2 Miro Heiskanen           Alex Tuch                                         45     0   2  3  

Penalty Kill 4 Players Forward 
   Center                   Wing                     Time % Phy DF OF 
 1 Jack Eichel              Kevin Labanc             55     2   3  0  
 2 Roope Hintz              Brady Tkachuk            45     3   2  0  

Penalty Kill 4 Players Defense
   Defense                  Defense                  Time % Phy DF OF 
 1 Miro Heiskanen           Mathew Dumba             55     2   3  0  
 2 Johnny Boychuk           Drew Doughty             45     1   4  0  

Penalty Kill - 3 Players Forward 
   Forward                                           Time % Phy DF OF 
 1 Kevin Labanc                                      55     1   4  0  
 2 Jack Eichel                                       45     1   4  0  

Penalty Kill - 3 Players Defense
   Defense                  Defense                  Time % Phy DF OF 
 1 Drew Doughty             Mathew Dumba             55     1   4  0  
 2 Miro Heiskanen           Johnny Boychuk           45     1   4  0  

4 vs 4 Forward 
   Center                   Wing                     Time % Phy DF OF 
 1 Jack Eichel              Jason Zucker             55     2   3  0  
 2 Kevin Labanc             Brady Tkachuk            45     2   3  0  

4 vs 4 Defense
   Defense                  Defense                  Time % Phy DF OF 
 1 Miro Heiskanen           Jamie Oleksiak           55     1   4  0  
 2 Mathew Dumba             Drew Doughty             45     1   4  0  

Last Minutes Offensive
   Center                   Left Wing                Right Wing               Defense                  Defense                  
   Jack Eichel              Brady Tkachuk            Kevin Labanc             Miro Heiskanen           Drew Doughty             

Last Minutes Defensive
   Center                   Left Wing                Right Wing               Defense                  Defense                  
   Jack Eichel              Kevin Labanc             Brady Tkachuk            Miro Heiskanen           Drew Doughty             

Goaltenders
Starting : Ilya Samsonov            
Backup : Pavel Francouz           

Extra Forwards
Normal : Jack Eichel, Kevin Labanc, Brady Tkachuk - PP : Jack Eichel, Brady Tkachuk - PK : Jack Eichel
Extra Defensemen
Normal : Drew Doughty, Miro Heiskanen, Mathew Dumba - PP : Drew Doughty - PK : Drew Doughty, Miro Heiskanen
Penalty Shots
Kevin Labanc, Jack Eichel, Brady Tkachuk, Jason Zucker, James van Riemsdyk
Custom OT Lines Forwards
Jack Eichel, Brady Tkachuk, Kevin Labanc, Roope Hintz, James van Riemsdyk, Jason Zucker, Dominic Turgeon, Alex Tuch, Joel Kellman, Miles Wood
Custom OT Lines Defensemen
Mathew Dumba, Miro Heiskanen, Jamie Oleksiak, Trevor van Riemsdyk, Johnny Boychuk

Scratches
James Neal (Bruised Left Leg Injury), Nazem Kadri (Right Foot Injury)

% Time on Ice - SALEM BLACK JAYS

Lines # - Real PCT - Wanted PCT - Time Play
Normal Forward
1 - 32% - 36% - 17:22
2 - 30% - 31% - 16:12
3 - 25% - 23% - 13:34
4 - 13% - 10% - 6:55
Normal Defense
1 - 34% - 36% - 18:25
2 - 29% - 31% - 15:51
3 - 29% - 23% - 15:55
4 - 7% - 10% - 3:52
PP Forward
1 - 0% - 55%
2 - 0% - 45%
PP Defense
1 - 0% - 55%
2 - 0% - 45%
PK Forward
1 - 0% - 55%
2 - 0% - 45%
PK Defense
1 - 0% - 55%
2 - 0% - 45%
PK3 Forward
1 - 0% - 55%
2 - 0% - 45%
PK3 Defense
1 - 0% - 55%
2 - 0% - 45%
44 Forward
1 - 78% - 55% - 4:39
2 - 22% - 45% - 1:18
44 Defense
1 - 64% - 55% - 3:49
2 - 36% - 45% - 2:08
Last Minute Offensive  - 0:00
Last Minute Defensive  - 0:00
Total
Forward - 60:00
Defense - 60:00

% Time on Ice - BANFF WOLVES

Lines # - Real PCT - Wanted PCT - Time Play
Normal Forward
1 - 26% - 34% - 13:58
2 - 34% - 34% - 18:17
3 - 21% - 27% - 11:06
4 - 20% - 5% - 10:42
Normal Defense
1 - 32% - 36% - 17:32
2 - 30% - 33% - 16:01
3 - 32% - 21% - 17:10
4 - 6% - 10% - 3:20
PP Forward
1 - 0% - 55%
2 - 0% - 45%
PP Defense
1 - 0% - 55%
2 - 0% - 45%
PK Forward
1 - 0% - 55%
2 - 0% - 45%
PK Defense
1 - 0% - 55%
2 - 0% - 45%
PK3 Forward
1 - 0% - 55%
2 - 0% - 45%
PK3 Defense
1 - 0% - 55%
2 - 0% - 45%
44 Forward
1 - 59% - 55% - 3:29
2 - 41% - 45% - 2:28
44 Defense
1 - 46% - 55% - 2:45
2 - 54% - 45% - 3:12
Last Minute Offensive  - 0:00
Last Minute Defensive  - 0:00
Total
Forward - 60:00
Defense - 60:00

Play-by-Play

1st period


0:01 of 1st period - Mathew Barzal wins face-off versus Jack Eichel in neutral zone.
0:58 of 1st period - Icing by James van Riemsdyk.
0:59 of 1st period - Dylan Larkin wins face-off versus Roope Hintz in BANFF WOLVES zone.
0:59 of 1st period - Dylan Larkin is hit by Jamie Oleksiak.
2:53 of 1st period - Shot by Drew Doughty.
2:53 of 1st period - Stopped by Elvis Merzlikins without a rebound.
2:54 of 1st period - Brady Tkachuk wins face-off versus Filip Chytil in SALEM BLACK JAYS zone.
3:03 of 1st period - Shot by Kevin Labanc.
3:03 of 1st period - Shot Misses the Net.
3:34 of 1st period - Shot by Jack Eichel.
3:34 of 1st period - Shot Misses the Net.
4:39 of 1st period - Mathew Barzal is hit by Trevor van Riemsdyk and loses puck.
4:46 of 1st period - Shot by Matthew Calvert.
4:46 of 1st period - Shot Hit the Post.
4:50 of 1st period - Shot by Mitchell Marner.
4:50 of 1st period - Shot Misses the Net.
4:52 of 1st period - Shot by Matthew Calvert.
4:52 of 1st period - Stopped by Ilya Samsonov without a rebound.
4:53 of 1st period - Dylan Larkin wins face-off versus Dominic Turgeon in BANFF WOLVES zone.
5:08 of 1st period - Shot by Dylan Larkin.
5:08 of 1st period - Stopped by Ilya Samsonov without a rebound.
5:09 of 1st period - Casey Cizikas wins face-off versus Joel Kellman in BANFF WOLVES zone.
5:09 of 1st period - Josh Leivo is hit by Drew Doughty and loses puck.
5:30 of 1st period - Shot by Jack Eichel.
5:30 of 1st period - Stopped by Elvis Merzlikins without a rebound.
5:31 of 1st period - Dylan Larkin wins face-off versus Dominic Turgeon in SALEM BLACK JAYS zone.
5:38 of 1st period - Shot by Mikko Rantanen.
5:38 of 1st period - Goal by Mikko Rantanen - SALEM BLACK JAYS : 1 - BANFF WOLVES : 0.
5:39 of 1st period - Dylan Larkin wins face-off versus Jack Eichel in neutral zone.
5:39 of 1st period - Mikko Rantanen is hit by Brady Tkachuk and loses puck.
5:45 of 1st period - Erik Karlsson is hit by Jamie Oleksiak.
6:10 of 1st period - Shot by Brady Tkachuk.
6:10 of 1st period - Stopped by Elvis Merzlikins with a rebound.
6:26 of 1st period - Shot by Mikko Rantanen.
6:26 of 1st period - Deflect By Dylan Larkin.
6:26 of 1st period - Stopped by Ilya Samsonov without a rebound.
6:27 of 1st period - Roope Hintz wins face-off versus Mathew Barzal in BANFF WOLVES zone.
6:54 of 1st period - Shot by Mitchell Marner.
6:54 of 1st period - Shot Blocked by Drew Doughty.
7:02 of 1st period - Shot by Mitchell Marner.
7:02 of 1st period - Shot Blocked by Mathew Dumba.
7:04 of 1st period - Shot by Michal Kempny.
7:04 of 1st period - Stopped by Ilya Samsonov with a rebound.
7:13 of 1st period - Icing by Mathew Dumba.
7:14 of 1st period - Casey Cizikas wins face-off versus Roope Hintz in BANFF WOLVES zone.
7:30 of 1st period - Shot by Martin Necas.
7:30 of 1st period - Shot Misses the Net.
8:26 of 1st period - Icing by Jack Eichel.
8:27 of 1st period - Joel Kellman wins face-off versus Mathew Barzal in BANFF WOLVES zone.
8:34 of 1st period - Icing by Erik Karlsson.
8:35 of 1st period - Dominic Turgeon wins face-off versus Mathew Barzal in SALEM BLACK JAYS zone.
8:38 of 1st period - Shot by Miles Wood.
8:38 of 1st period - Shot Misses the Net.
9:10 of 1st period - Miles Wood is hit by Andy Greene.
10:00 of 1st period - Shot by Kevin Labanc.
10:00 of 1st period - Shot Misses the Net.
10:35 of 1st period - Shot by James van Riemsdyk.
10:35 of 1st period - Deflect By Jason Zucker.
10:35 of 1st period - Stopped by Elvis Merzlikins without a rebound.
10:36 of 1st period - Joel Kellman wins face-off versus Casey Cizikas in SALEM BLACK JAYS zone.
10:51 of 1st period - Shot by Alex Tuch.
10:51 of 1st period - Shot Blocked by Jason Demers.
10:58 of 1st period - Off-side.
10:59 of 1st period - Roope Hintz wins face-off versus Filip Chytil in neutral zone.
11:30 of 1st period - Shot by Troy Terry.
11:30 of 1st period - Shot Misses the Net.
11:32 of 1st period - Shot by Andy Greene.
11:32 of 1st period - Shot Misses the Net.
11:34 of 1st period - Shot by Erik Karlsson.
11:34 of 1st period - Shot Misses the Net.
11:53 of 1st period - Off-side.
11:54 of 1st period - Mathew Barzal wins face-off versus Joel Kellman in neutral zone.
12:19 of 1st period - Shot by Mathew Barzal.
12:19 of 1st period - Stopped by Ilya Samsonov without a rebound.
12:20 of 1st period - Miles Wood wins face-off versus Dylan Larkin in BANFF WOLVES zone.
12:54 of 1st period - Shot by Dylan Larkin.
12:54 of 1st period - Deflect By Mikko Rantanen.
12:54 of 1st period - Stopped by Ilya Samsonov without a rebound.
12:55 of 1st period - Jack Eichel wins face-off versus Mathew Barzal in BANFF WOLVES zone.
12:59 of 1st period - Off-side.
13:00 of 1st period - Mathew Barzal wins face-off versus Joel Kellman in neutral zone.
13:08 of 1st period - Icing by Drew Doughty.
13:09 of 1st period - Joel Kellman wins face-off versus Martin Necas in BANFF WOLVES zone.
13:22 of 1st period - Shot by Jack Eichel.
13:22 of 1st period - Shot Blocked by Andy Greene.
13:24 of 1st period - Shot by Miro Heiskanen.
13:24 of 1st period - Shot Blocked by Andy Greene.
13:44 of 1st period - Shot by Jack Eichel.
13:44 of 1st period - Shot Misses the Net.
13:46 of 1st period - Shot by Jack Eichel.
13:46 of 1st period - Deflect By Alex Tuch.
13:46 of 1st period - Stopped by Elvis Merzlikins without a rebound.
13:47 of 1st period - Mathew Barzal wins face-off versus James van Riemsdyk in SALEM BLACK JAYS zone.
13:52 of 1st period - Johnny Boychuk is hit by Matthew Calvert and loses puck.
14:08 of 1st period - Off-side.
14:09 of 1st period - Jack Eichel wins face-off versus Dylan Larkin in neutral zone.
14:11 of 1st period - Off-side.
14:12 of 1st period - Dylan Larkin wins face-off versus Jack Eichel in neutral zone.
14:37 of 1st period - Shot by Jack Eichel.
14:37 of 1st period - Shot Misses the Net.
14:53 of 1st period - Shot by Dylan Larkin.
14:53 of 1st period - Deflect By Mikko Rantanen.
14:53 of 1st period - Shot Blocked by Drew Doughty.
15:29 of 1st period - Icing by Miro Heiskanen.
15:30 of 1st period - Roope Hintz wins face-off versus Mathew Barzal in BANFF WOLVES zone.
15:54 of 1st period - Shot by Jason Zucker.
15:54 of 1st period - Goal by Jason Zucker - SALEM BLACK JAYS : 1 - BANFF WOLVES : 1.
15:55 of 1st period - Martin Necas wins face-off versus Dominic Turgeon in neutral zone.
16:12 of 1st period - Josh Leivo is hit by Mike Ferland.
16:30 of 1st period - Shot by Miles Wood.
16:30 of 1st period - Shot Misses the Net.
17:16 of 1st period - Shot by Brady Tkachuk.
17:16 of 1st period - Deflect By Jack Eichel.
17:16 of 1st period - Stopped by Elvis Merzlikins without a rebound.
17:17 of 1st period - James van Riemsdyk wins face-off versus Dylan Larkin in SALEM BLACK JAYS zone.
17:30 of 1st period - Icing by Roope Hintz.
17:31 of 1st period - Filip Chytil wins face-off versus Roope Hintz in BANFF WOLVES zone.
17:54 of 1st period - Shot by James van Riemsdyk.
17:54 of 1st period - Shot Misses the Net.
19:20 of 1st period - Shot by Mikko Rantanen.
19:20 of 1st period - Stopped by Ilya Samsonov without a rebound.
19:21 of 1st period - Joel Kellman wins face-off versus Casey Cizikas in BANFF WOLVES zone.
19:36 of 1st period - Shot by Martin Necas.
19:36 of 1st period - Shot Misses the Net.
19:38 of 1st period - Shot by Andy Greene.
19:38 of 1st period - Stopped by Ilya Samsonov without a rebound.
19:39 of 1st period - Dominic Turgeon wins face-off versus Dylan Larkin in BANFF WOLVES zone.
19:52 of 1st period - Shot by Miles Wood.
19:52 of 1st period - Stopped by Elvis Merzlikins without a rebound.
19:53 of 1st period - Casey Cizikas wins face-off versus Jack Eichel in SALEM BLACK JAYS zone.
19:58 of 1st period - Alex Tuch is hit by Casey Cizikas and loses puck.
Goals for this period are 1 for SALEM BLACK JAYS vs 1 for BANFF WOLVES.
Shots for this period are 9 for SALEM BLACK JAYS vs 8 for BANFF WOLVES.

2nd period


0:01 of 2nd period - Kevin Labanc wins face-off versus Mathew Barzal in neutral zone.
0:06 of 2nd period - Shot by Jack Eichel.
0:06 of 2nd period - Stopped by Elvis Merzlikins without a rebound.
0:07 of 2nd period - Mathew Barzal wins face-off versus Joel Kellman in SALEM BLACK JAYS zone.
0:07 of 2nd period - Mathew Barzal is hit by Alex Tuch.
0:21 of 2nd period - Shot by Mathew Barzal.
0:21 of 2nd period - Stopped by Ilya Samsonov without a rebound.
0:22 of 2nd period - Jack Eichel wins face-off versus Dylan Larkin in BANFF WOLVES zone.
0:26 of 2nd period - Off-side.
0:27 of 2nd period - Mathew Barzal wins face-off versus Jack Eichel in neutral zone.
0:44 of 2nd period - Shot by Mathew Barzal.
0:44 of 2nd period - Shot Misses the Net.
1:06 of 2nd period - Shot by Brady Tkachuk.
1:06 of 2nd period - Shot Misses the Net.
1:26 of 2nd period - Shot by Dylan Larkin.
1:26 of 2nd period - Shot Blocked by Brady Tkachuk.
1:28 of 2nd period - Shot by Mikko Rantanen.
1:28 of 2nd period - Stopped by Ilya Samsonov without a rebound.
1:29 of 2nd period - Dylan Larkin wins face-off versus Jason Zucker in BANFF WOLVES zone.
1:57 of 2nd period - Shot by Jason Zucker.
1:57 of 2nd period - Stopped by Elvis Merzlikins without a rebound.
1:58 of 2nd period - Dominic Turgeon wins face-off versus Casey Cizikas in SALEM BLACK JAYS zone.
2:03 of 2nd period - Shot by Miles Wood.
2:03 of 2nd period - Deflect By Mike Ferland.
2:03 of 2nd period - Shot Misses the Net.
2:09 of 2nd period - Shot by Miles Wood.
2:09 of 2nd period - Stopped by Elvis Merzlikins without a rebound.
2:10 of 2nd period - Filip Chytil wins face-off versus Alex Tuch in SALEM BLACK JAYS zone.
2:10 of 2nd period - Erik Karlsson is hit by Alex Tuch and loses puck.
2:18 of 2nd period - Filip Chytil is hit by Drew Doughty and loses puck.
2:39 of 2nd period - Shot by Troy Terry.
2:39 of 2nd period - Shot Hit the Post.
3:16 of 2nd period - Shot by Mitchell Marner.
3:16 of 2nd period - Shot Misses the Net.
3:18 of 2nd period - Shot by Mathew Barzal.
3:18 of 2nd period - Stopped by Ilya Samsonov with a rebound.
3:24 of 2nd period - Shot by Mathew Barzal.
3:24 of 2nd period - Shot Misses the Net.
3:26 of 2nd period - Shot by Mitchell Marner.
3:26 of 2nd period - Deflect By Mathew Barzal.
3:26 of 2nd period - Shot Misses the Net.
3:36 of 2nd period - Shot by Mathew Barzal.
3:36 of 2nd period - Shot Misses the Net.
3:38 of 2nd period - Shot by Mitchell Marner.
3:38 of 2nd period - Stopped by Ilya Samsonov without a rebound.
3:39 of 2nd period - Dylan Larkin wins face-off versus Roope Hintz in BANFF WOLVES zone.
3:46 of 2nd period - Shot by Mikko Rantanen.
3:46 of 2nd period - Shot Misses the Net.
3:48 of 2nd period - Shot by Dylan Larkin.
3:48 of 2nd period - Shot Misses the Net.
3:50 of 2nd period - Shot by Brandon Saad.
3:50 of 2nd period - Shot Misses the Net.
4:21 of 2nd period - Shot by Dylan Larkin.
4:21 of 2nd period - Stopped by Ilya Samsonov without a rebound.
4:22 of 2nd period - Casey Cizikas wins face-off versus Dominic Turgeon in BANFF WOLVES zone.
4:25 of 2nd period - Shot by Casey Cizikas.
4:25 of 2nd period - Stopped by Ilya Samsonov without a rebound.
4:26 of 2nd period - Dominic Turgeon wins face-off versus Casey Cizikas in BANFF WOLVES zone.
5:10 of 2nd period - Minor Penalty to Brady Tkachuk for Hooking.
5:10 of 2nd period - Minor Penalty to Erik Karlsson for High sticking.
5:11 of 2nd period - Jack Eichel wins face-off versus Mathew Barzal in SALEM BLACK JAYS zone.
5:14 of 2nd period - Shot by Jack Eichel.
5:14 of 2nd period - Deflect By Jason Zucker.
5:14 of 2nd period - Stopped by Elvis Merzlikins without a rebound.
5:15 of 2nd period - Jack Eichel wins face-off versus Mathew Barzal in SALEM BLACK JAYS zone.
5:22 of 2nd period - Shot by Jason Zucker.
5:22 of 2nd period - Stopped by Elvis Merzlikins without a rebound.
5:23 of 2nd period - Mathew Barzal wins face-off versus Jack Eichel in SALEM BLACK JAYS zone.
5:30 of 2nd period - Shot by Mitchell Marner.
5:30 of 2nd period - Stopped by Ilya Samsonov without a rebound.
5:31 of 2nd period - Jack Eichel wins face-off versus Mathew Barzal in BANFF WOLVES zone.
5:48 of 2nd period - Mathew Dumba is hit by Mitchell Marner and loses puck.
6:53 of 2nd period - Michal Kempny is hit by Mike Ferland and loses puck.
8:16 of 2nd period - Shot by Filip Chytil.
8:16 of 2nd period - Stopped by Ilya Samsonov without a rebound.
8:17 of 2nd period - Dylan Larkin wins face-off versus Joel Kellman in BANFF WOLVES zone.
9:10 of 2nd period - Minor Penalty to Mike Ferland for High sticking.
9:10 of 2nd period - Minor Penalty to Erik Karlsson for Tripping.
9:11 of 2nd period - Mathew Barzal wins face-off versus Kevin Labanc in SALEM BLACK JAYS zone.
9:16 of 2nd period - Shot by Mitchell Marner.
9:16 of 2nd period - Shot Misses the Net.
9:18 of 2nd period - Shot by Mitchell Marner.
9:18 of 2nd period - Stopped by Ilya Samsonov with a rebound.
9:20 of 2nd period - Shot by Mitchell Marner.
9:20 of 2nd period - Stopped by Ilya Samsonov without a rebound.
9:21 of 2nd period - Kevin Labanc wins face-off versus Mitchell Marner in BANFF WOLVES zone.
9:56 of 2nd period - Shot by Kevin Labanc.
9:56 of 2nd period - Stopped by Elvis Merzlikins with a rebound.
9:58 of 2nd period - Shot by Brady Tkachuk.
9:58 of 2nd period - Stopped by Elvis Merzlikins without a rebound.
9:59 of 2nd period - Dylan Larkin wins face-off versus Jack Eichel in SALEM BLACK JAYS zone.
9:59 of 2nd period - Dylan Larkin is hit by Jason Zucker.
10:25 of 2nd period - Shot by Jason Zucker.
10:25 of 2nd period - Shot Misses the Net.
10:52 of 2nd period - Off-side.
10:53 of 2nd period - Kevin Labanc wins face-off versus Mathew Barzal in neutral zone.
11:00 of 2nd period - Shot by Kevin Labanc.
11:00 of 2nd period - Shot Misses the Net.
11:02 of 2nd period - Shot by Jamie Oleksiak.
11:02 of 2nd period - Shot Blocked by Jason Demers.
11:04 of 2nd period - Shot by Kevin Labanc.
11:04 of 2nd period - Shot Misses the Net.
11:06 of 2nd period - Shot by Miro Heiskanen.
11:06 of 2nd period - Deflect By Kevin Labanc.
11:06 of 2nd period - Shot Misses the Net.
11:08 of 2nd period - Shot by Brady Tkachuk.
11:08 of 2nd period - Stopped by Elvis Merzlikins with a rebound.
11:32 of 2nd period - Shot by Miles Wood.
11:32 of 2nd period - Shot Blocked by Erik Karlsson.
11:42 of 2nd period - Shot by Erik Karlsson.
11:42 of 2nd period - Shot Misses the Net.
12:04 of 2nd period - Miles Wood is hit by Scott Mayfield and loses puck.
12:39 of 2nd period - Icing by Mitchell Marner.
12:40 of 2nd period - Mathew Barzal wins face-off versus Roope Hintz in SALEM BLACK JAYS zone.
13:23 of 2nd period - Shot by James van Riemsdyk.
13:23 of 2nd period - Stopped by Elvis Merzlikins without a rebound.
13:24 of 2nd period - Jack Eichel wins face-off versus Casey Cizikas in SALEM BLACK JAYS zone.
13:39 of 2nd period - Shot by Brady Tkachuk.
13:39 of 2nd period - Stopped by Elvis Merzlikins without a rebound.
13:40 of 2nd period - Dylan Larkin wins face-off versus Joel Kellman in SALEM BLACK JAYS zone.
14:01 of 2nd period - Shot by Dylan Larkin.
14:01 of 2nd period - Deflect By Mikko Rantanen.
14:01 of 2nd period - Shot Blocked by Johnny Boychuk.
14:07 of 2nd period - Shot by Dylan Larkin.
14:07 of 2nd period - Shot Blocked by Jack Eichel.
15:01 of 2nd period - Mathew Barzal is hit by Johnny Boychuk and loses puck.
15:25 of 2nd period - Icing by James van Riemsdyk.
15:26 of 2nd period - Casey Cizikas wins face-off versus James van Riemsdyk in BANFF WOLVES zone.
15:39 of 2nd period - Shot by James van Riemsdyk.
15:39 of 2nd period - Shot Hit the Post.
16:32 of 2nd period - Erik Karlsson is hit by Mike Ferland.
17:29 of 2nd period - Jack Eichel is hit by Joshua Morrissey and loses puck.
17:36 of 2nd period - Shot by Brady Tkachuk.
17:36 of 2nd period - Stopped by Elvis Merzlikins without a rebound.
17:37 of 2nd period - Jack Eichel wins face-off versus Filip Chytil in SALEM BLACK JAYS zone.
18:03 of 2nd period - Shot by Andreas Athanasiou.
18:03 of 2nd period - Shot Misses the Net.
18:05 of 2nd period - Shot by Troy Terry.
18:05 of 2nd period - Shot Blocked by Johnny Boychuk.
19:20 of 2nd period - Shot by Mikko Rantanen.
19:20 of 2nd period - Shot Misses the Net.
19:22 of 2nd period - Shot by Mikko Rantanen.
19:22 of 2nd period - Shot Blocked by Johnny Boychuk.
19:26 of 2nd period - Shot by Mikko Rantanen.
19:26 of 2nd period - Shot Misses the Net.
19:28 of 2nd period - Shot by Mikko Rantanen.
19:28 of 2nd period - Stopped by Ilya Samsonov with a rebound.
19:30 of 2nd period - Shot by Andy Greene.
19:30 of 2nd period - Stopped by Ilya Samsonov without a rebound.
19:31 of 2nd period - Casey Cizikas wins face-off versus James van Riemsdyk in BANFF WOLVES zone.
Goals for this period are 0 for SALEM BLACK JAYS vs 0 for BANFF WOLVES.
Shots for this period are 12 for SALEM BLACK JAYS vs 11 for BANFF WOLVES.

3rd period


0:01 of 3rd period - Jack Eichel wins face-off versus Mathew Barzal in neutral zone.
0:19 of 3rd period - Shot by Kevin Labanc.
0:19 of 3rd period - Shot Hit the Post.
0:38 of 3rd period - Shot by Brady Tkachuk.
0:38 of 3rd period - Shot Misses the Net.
0:40 of 3rd period - Shot by Jack Eichel.
0:40 of 3rd period - Shot Misses the Net.
1:23 of 3rd period - Shot by Miro Heiskanen.
1:23 of 3rd period - Stopped by Elvis Merzlikins without a rebound.
1:24 of 3rd period - Dominic Turgeon wins face-off versus Mikko Rantanen in SALEM BLACK JAYS zone.
1:40 of 3rd period - Shot by Mikko Rantanen.
1:40 of 3rd period - Shot Blocked by Trevor van Riemsdyk.
1:42 of 3rd period - Shot by Brandon Saad.
1:42 of 3rd period - Shot Misses the Net.
1:44 of 3rd period - Shot by Andy Greene.
1:44 of 3rd period - Shot Blocked by Trevor van Riemsdyk.
2:39 of 3rd period - Josh Leivo is hit by Mathew Dumba and loses puck.
2:51 of 3rd period - Josh Leivo is hit by Mathew Dumba and loses puck.
3:14 of 3rd period - Joshua Morrissey is hit by Drew Doughty and loses puck.
3:21 of 3rd period - Shot by Filip Chytil.
3:21 of 3rd period - Stopped by Ilya Samsonov without a rebound.
3:22 of 3rd period - Mathew Barzal wins face-off versus Roope Hintz in BANFF WOLVES zone.
3:27 of 3rd period - Shot by Mathew Barzal.
3:27 of 3rd period - Shot Blocked by Miro Heiskanen.
3:29 of 3rd period - Shot by Mitchell Marner.
3:29 of 3rd period - Shot Misses the Net.
4:48 of 3rd period - Shot by Jack Eichel.
4:48 of 3rd period - Stopped by Elvis Merzlikins with a rebound.
5:16 of 3rd period - Icing by Johnny Boychuk.
5:17 of 3rd period - Casey Cizikas wins face-off versus Dominic Turgeon in BANFF WOLVES zone.
5:21 of 3rd period - Icing by Trevor van Riemsdyk.
5:22 of 3rd period - Casey Cizikas wins face-off versus Dominic Turgeon in BANFF WOLVES zone.
6:08 of 3rd period - Roope Hintz is hit by Scott Mayfield and loses puck.
6:47 of 3rd period - Shot by Jack Eichel.
6:47 of 3rd period - Deflect By Kevin Labanc.
6:47 of 3rd period - Stopped by Elvis Merzlikins without a rebound.
6:48 of 3rd period - Mathew Barzal wins face-off versus Jack Eichel in SALEM BLACK JAYS zone.
6:48 of 3rd period - Mathew Barzal is hit by Brady Tkachuk.
6:53 of 3rd period - Icing by Mitchell Marner.
6:54 of 3rd period - Mathew Barzal wins face-off versus Brady Tkachuk in SALEM BLACK JAYS zone.
6:54 of 3rd period - Mathew Barzal is hit by Brady Tkachuk.
6:57 of 3rd period - Icing by Mitchell Marner.
6:58 of 3rd period - Jack Eichel wins face-off versus Mathew Barzal in SALEM BLACK JAYS zone.
6:59 of 3rd period - Shot by Kevin Labanc.
6:59 of 3rd period - Goal by Kevin Labanc - SALEM BLACK JAYS : 1 - BANFF WOLVES : 2.
7:00 of 3rd period - Mathew Barzal wins face-off versus Jack Eichel in neutral zone.
7:00 of 3rd period - Matthew Calvert is hit by Brady Tkachuk and loses puck.
7:36 of 3rd period - Shot by Jack Eichel.
7:36 of 3rd period - Stopped by Elvis Merzlikins with a rebound.
7:38 of 3rd period - Shot by Kevin Labanc.
7:38 of 3rd period - Stopped by Elvis Merzlikins without a rebound.
7:39 of 3rd period - Brandon Saad wins face-off versus Roope Hintz in SALEM BLACK JAYS zone.
8:12 of 3rd period - Off-side.
8:13 of 3rd period - Casey Cizikas wins face-off versus Alex Tuch in neutral zone.
8:27 of 3rd period - Shot by Jack Eichel.
8:27 of 3rd period - Shot Misses the Net.
8:33 of 3rd period - Shot by Casey Cizikas.
8:33 of 3rd period - Shot Misses the Net.
8:35 of 3rd period - Shot by Casey Cizikas.
8:35 of 3rd period - Stopped by Ilya Samsonov without a rebound.
8:36 of 3rd period - Dominic Turgeon wins face-off versus Mathew Barzal in BANFF WOLVES zone.
8:53 of 3rd period - Mathew Barzal is hit by Johnny Boychuk and loses puck.
8:57 of 3rd period - Minor Penalty to Johnny Boychuk for Goalie Interference.
8:57 of 3rd period - Minor Penalty to Mathew Barzal for Tripping.
8:58 of 3rd period - Jack Eichel wins face-off versus Dylan Larkin in BANFF WOLVES zone.
9:03 of 3rd period - Mitchell Marner is hit by Jason Zucker and loses puck.
9:18 of 3rd period - Shot by Jack Eichel.
9:18 of 3rd period - Shot Misses the Net.
9:53 of 3rd period - Erik Karlsson is hit by Drew Doughty and loses puck.
10:06 of 3rd period - Shot by Kevin Labanc.
10:06 of 3rd period - Shot Misses the Net.
10:18 of 3rd period - Shot by Kevin Labanc.
10:18 of 3rd period - Stopped by Elvis Merzlikins without a rebound.
10:19 of 3rd period - Jack Eichel wins face-off versus Martin Necas in SALEM BLACK JAYS zone.
10:48 of 3rd period - Icing by Jason Demers.
10:49 of 3rd period - Martin Necas wins face-off versus Kevin Labanc in SALEM BLACK JAYS zone.
11:53 of 3rd period - Casey Cizikas is hit by Jamie Oleksiak and loses puck.
11:57 of 3rd period - Casey Cizikas is hit by Jamie Oleksiak and loses puck.
12:42 of 3rd period - Shot by Mikko Rantanen.
12:42 of 3rd period - Stopped by Ilya Samsonov without a rebound.
12:43 of 3rd period - Roope Hintz wins face-off versus Mathew Barzal in BANFF WOLVES zone.
12:43 of 3rd period - Roope Hintz is hit by Matthew Calvert.
13:03 of 3rd period - Mitchell Marner is hit by Mathew Dumba and loses puck.
13:06 of 3rd period - Shot by Matthew Calvert.
13:06 of 3rd period - Shot Misses the Net.
13:08 of 3rd period - Shot by Mitchell Marner.
13:08 of 3rd period - Goal by Mitchell Marner - SALEM BLACK JAYS : 2 - BANFF WOLVES : 2.
13:09 of 3rd period - Dylan Larkin wins face-off versus Alex Tuch in neutral zone.
13:14 of 3rd period - Icing by Johnny Boychuk.
13:15 of 3rd period - Dylan Larkin wins face-off versus Joel Kellman in BANFF WOLVES zone.
13:18 of 3rd period - Shot by Mikko Rantanen.
13:18 of 3rd period - Shot Misses the Net.
13:24 of 3rd period - Shot by Dylan Larkin.
13:24 of 3rd period - Shot Blocked by Trevor van Riemsdyk.
14:28 of 3rd period - Icing by Drew Doughty.
14:29 of 3rd period - Roope Hintz wins face-off versus Casey Cizikas in BANFF WOLVES zone.
14:52 of 3rd period - Shot by Jason Zucker.
14:52 of 3rd period - Shot Blocked by Michal Kempny.
15:02 of 3rd period - Shot by Jason Zucker.
15:02 of 3rd period - Shot Misses the Net.
15:04 of 3rd period - Shot by Mathew Dumba.
15:04 of 3rd period - Shot Blocked by Michal Kempny.
15:45 of 3rd period - Icing by Miles Wood.
15:46 of 3rd period - Dominic Turgeon wins face-off versus Mathew Barzal in BANFF WOLVES zone.
15:59 of 3rd period - Shot by Mitchell Marner.
15:59 of 3rd period - Shot Blocked by Miles Wood.
16:04 of 3rd period - Icing by Jamie Oleksiak.
16:05 of 3rd period - Dylan Larkin wins face-off versus Dominic Turgeon in BANFF WOLVES zone.
17:05 of 3rd period - Icing by Mitchell Marner.
17:06 of 3rd period - Mathew Barzal wins face-off versus Roope Hintz in SALEM BLACK JAYS zone.
17:47 of 3rd period - Icing by Johnny Boychuk.
17:48 of 3rd period - Roope Hintz wins face-off versus Filip Chytil in BANFF WOLVES zone.
17:53 of 3rd period - Scott Mayfield is hit by Roope Hintz and loses puck.
18:51 of 3rd period - Jack Eichel is hit by Troy Terry and loses puck.
18:59 of 3rd period - Icing by Miro Heiskanen.
19:00 of 3rd period - Mitchell Marner wins face-off versus Alex Tuch in BANFF WOLVES zone.
19:05 of 3rd period - Shot by Mathew Barzal.
19:05 of 3rd period - Stopped by Ilya Samsonov without a rebound.
19:06 of 3rd period - Dominic Turgeon wins face-off versus Mathew Barzal in BANFF WOLVES zone.
19:11 of 3rd period - Shot by Miles Wood.
19:11 of 3rd period - Shot Blocked by Mitchell Marner.
19:23 of 3rd period - Shot by Mitchell Marner.
19:23 of 3rd period - Shot Blocked by Mathew Dumba.
19:25 of 3rd period - Shot by Andy Greene.
19:25 of 3rd period - Stopped by Ilya Samsonov without a rebound.
19:26 of 3rd period - Roope Hintz wins face-off versus Dylan Larkin in BANFF WOLVES zone.
19:47 of 3rd period - Shot by James van Riemsdyk.
19:47 of 3rd period - Stopped by Elvis Merzlikins without a rebound.
19:48 of 3rd period - Mitchell Marner wins face-off versus Jack Eichel in SALEM BLACK JAYS zone.
Goals for this period are 1 for SALEM BLACK JAYS vs 1 for BANFF WOLVES.
Shots for this period are 6 for SALEM BLACK JAYS vs 8 for BANFF WOLVES.

Overtime #1


0:01 of 1st overtime period - Jack Eichel wins face-off versus Dylan Larkin in neutral zone.
0:48 of 1st overtime period - Shot by Brady Tkachuk.
0:48 of 1st overtime period - Stopped by Elvis Merzlikins without a rebound.
0:49 of 1st overtime period - Mikko Rantanen wins face-off versus Roope Hintz in SALEM BLACK JAYS zone.
1:00 of 1st overtime period - Shot by Mitchell Marner.
1:00 of 1st overtime period - Shot Misses the Net.
1:28 of 1st overtime period - Shot by Roope Hintz.
1:28 of 1st overtime period - Stopped by Elvis Merzlikins without a rebound.
1:29 of 1st overtime period - Jack Eichel wins face-off versus Dylan Larkin in SALEM BLACK JAYS zone.
1:46 of 1st overtime period - Shot by Dylan Larkin.
1:46 of 1st overtime period - Stopped by Ilya Samsonov without a rebound.
1:47 of 1st overtime period - Jack Eichel wins face-off versus Dylan Larkin in BANFF WOLVES zone.
2:07 of 1st overtime period - Shot by Mathew Barzal.
2:07 of 1st overtime period - Deflect By Dylan Larkin.
2:07 of 1st overtime period - Goal by Dylan Larkin - SALEM BLACK JAYS : 3 - BANFF WOLVES : 2.
Goals for this period are 1 for SALEM BLACK JAYS vs 0 for BANFF WOLVES.
Shots for this period are 2 for SALEM BLACK JAYS vs 2 for BANFF WOLVES.


NATHAN
MACKINNON
PHILLIP
DANAULT
CONNOR
MCDAVID

EAST COAST

HOCKEY LEAGUE

  • 25.QUE4CHI5
  • 26.CHA2LIM3
  • 27.TRV2LON3
  • 28.CHW4BAL2
  • 29.PITMAN
  • 30.ATLNHW
  • 31.WORPET
  • 32.RHI